 Dungeon Crawl Stone Soup version 0.31-a0-691-g409c26aa35 (webtiles) character file.

Game seed: 6228088675675381055

89 randomguy2701 the Trooper (level 4, -2/41 HPs)
             Began as a Hill Orc Fighter on Sept 7, 2023.
             Slain by an iguana (5 damage)
             ... on level 4 of the Dungeon.
             The game lasted 00:01:32 (2442 turns).

randomguy2701 the Trooper (Hill Orc Fighter)        Turns: 2442, Time: 00:01:32

Health: -2/41      AC:  7    Str: 18    XL:     4   Next: 55%
Magic:  4/4        EV:  9    Int:  8    God:
Gold:   115        SH:  4    Dex: 12    Spells: 3/3 levels left

rFire   . . .        a - +0 war axe
rCold   . . .        c - +0 buckler
rNeg    . . .        b - +0 scale mail
rPois   .            (no helmet)
rElec   .            (no cloak)
rCorr   .            (no gloves)
SInv    .            (no boots)
Will    .....        (no amulet) Stlth
                     (no ring)
HPRegen 0.26/turn    (no ring)
MPRegen 0.09/turn

%: no passive effects
@: no status effects
A: no striking features
a: no special abilities


You were on level 4 of the Dungeon.
You visited 1 branch of the dungeon, and saw 4 of its levels.

You collected 115 gold pieces.

Inventory:

Hand Weapons
 a - a +0 war axe (weapon)
Armour
 b - a +0 scale mail (worn)
 c - a +0 buckler (worn)
Wands
 s - a wand of flame (24)
 w - a wand of digging (1)
Scrolls
 f - a scroll of noise {unknown}
 g - 2 scrolls of teleportation {unknown}
 i - 2 scrolls of fear {unknown}
 j - a scroll of immolation {unknown}
 n - a scroll of blinking {unknown}
 p - 2 scrolls of identify {unknown}
 q - a scroll of poison {unknown}
 t - a scroll of summoning {unknown}
Potions
 d - a potion of might
 e - 2 potions of enlightenment {unknown}
 h - a potion of degeneration {unknown}
 k - a potion of curing {unknown}
 l - a potion of haste {unknown}
 m - 3 potions of heal wounds {unknown}
 o - a potion of berserk rage {unknown}
 r - 3 potions of magic {unknown}
 u - a potion of lignification {unknown}
 v - 2 potions of mutation {unknown}


   Skills:
 + Level 4.4 Fighting
 + Level 3.3 Axes
 + Level 4.2 Armour
 + Level 1.0 Dodging
 + Level 3.7 Shields


You had 3 spell levels left.
You didn't know any spells.
Your spell library was empty.

Dungeon Overview and Level Annotations

Branches:
Dungeon (4/15)
 Temple: D:4-7

Altars:
Gozag
Zin


Message History

The iguana bites you but does no damage.
The iguana bites you.
You barely miss the iguana.
The iguana is lightly wounded.
The iguana bites you.
You barely miss the iguana.
The iguana is lightly wounded.
The iguana bites you!
You are too injured to fight recklessly!
You are too injured to fight recklessly!
You are too injured to fight recklessly!
You are too injured to fight recklessly!
You are too injured to fight recklessly!
You are too injured to fight recklessly!
You are too injured to fight recklessly!
You are too injured to fight recklessly!
You are too injured to fight recklessly!
Unknown command.
You barely miss the iguana.
The iguana is lightly wounded.
The iguana bites you but does no damage.
The iguana bites you!
* * * LOW HITPOINT WARNING * * *
You hit the iguana.
The iguana is moderately wounded.
The iguana bites you.
* * * LOW HITPOINT WARNING * * *
You slash the iguana!
The iguana is severely wounded.
The iguana misses you.
You hit the iguana but do no damage.
The iguana is severely wounded.
The iguana bites you but does no damage. x2
You hit the iguana.
The iguana is almost dead.
The iguana barely misses you.
You hit the iguana.
The iguana is almost dead.
The iguana bites you.
You die...

#.
#...#......##..###
...##...#......#
... #..##.)....##
........#...#
.....[..#..##
..#......#..##
.............#
......l......#
###.@....##
##).#### #†).#
#...# .....
....### ...###
.... .....


You could see an iguana.

Vanquished Creatures
  5 adders
  A worm (D:3)
  A dart slug (D:1)
  A ball python (D:2)
  3 endoplasms
  A giant cockroach (D:2)
  4 goblins
  6 hobgoblins
  A jackal (D:4)
  2 kobolds (D:4)
  A quokka (D:1)
  6 bats
  5 frilled lizards
  3 rats
40 creatures vanquished.

Notes
Turn   | Place    | Note
-------+----------+-------------------------------------------
     0 | D:1      | randomguy2701 the Hill Orc Fighter began the quest for the
                  | Orb.
     0 | D:1      | Reached XP level 1. HP: 19/19 MP: 1/1
   177 | D:1      | Reached XP level 2. HP: 21/27 MP: 2/2
   845 | D:2      | Reached XP level 3. HP: 32/33 MP: 3/3
  1205 | D:2      | Reached XP level 4. HP: 13/41 MP: 4/4
  1835 | D:3      | Found an opulent altar of Gozag.
  1934 | D:3      | Found a glowing silver altar of Zin.
  2426 | D:4      | Reached skill level 1 in Dodging
  2438 | D:4      | HP: 1/41 [iguana (6)]
  2442 | D:4      | Slain by an iguana

Illustrated notes

Levels and vault maps discovered:
D:1:      onia_arrival_pyramid, layout_basic
D:2:      layout_basic, kennysheep_generic_room_2
D:3:      layout_loops_ring, pdpol_temple_overflow_zin_treasury_gozag_greed
D:4:      layout_cave_pools, mainiacjoe_overflow_boulevard, minmay_pentangle

Skill      XL: |  1  2  3  4 |
---------------+-------------+-----
Fighting       | 4 |  4.4
Armour         | 4 |  4.2
Axes           | 3 |  3.3
Dodging        | 1 |  1.0
Shields        | |  3.7

Action                     |  1- 3 |  4- 6 || total
---------------------------+-------+-------++-------
  Melee: War axe           |    89 |    42 ||   131
 Armour: Scale mail        |    69 |    39 ||   108
  Dodge: Dodged            |    36 |    12 ||    48
  Block: Buckler           |    23 |     5 ||    28

Table legend: (Time is in decaauts)
 A = Elapsed time spent in this place.
 B = Non-inter-level travel time spent in this place.
 C = Inter-level travel time spent in this place.
 D = Time resting spent in this place.
 E = Time spent auto-exploring this place.
 F = Levels seen in this place.
 G = Mean time per level.
                   A        B        C        D        E       F      G
               +--------+--------+--------+--------+--------+-----+--------+
         Total |   2491 |   2397 |     94 |      0 |   2080 |   4 |  622.8 |
       Dungeon |   2491 |   2397 |     94 |      0 |   2080 |   4 |  622.8 |
               +--------+--------+--------+--------+--------+-----+--------+

Top non-repeatable levels by time:
     D:2: 1036 daAuts
     D:1: 711 daAuts
     D:3: 668 daAuts
     D:4: 74 daAuts
